MID
PEORIA CHIEFS @ SOUTH BEND CUBS
04/18/2047
 
TOP OF THE 1ST
Peoria Chiefs batting - Pitching for South Bend Cubs : RHP Carlos Zavala
Pitching: RHP Carlos Zavala
Batting: RHB Fortunato Fteira 0-0: Foul Ball, location: 2F
0-1: Foul Ball, location: 2F
0-2: Ball
1-2: Ball
2-2: Fly out, F9 (Flyball, 9, EV 96.9 MPH)
Batting: RHB Tyler Walker 0-0: Ball
1-0: Swinging Strike
1-1: Called Strike
1-2: Strikes out swinging
Batting: LHB Travis Ruppel 0-0: Foul Ball, location: 2F
0-1: Ball
1-1: Ball
2-1: Fly out, F1 (Line Drive, P, EV 68.8 MPH)
Top of the 1st over - 0 runs, 0 hits, 0 errors, 0 left on base; Peoria 0 - South Bend 0
BOTTOM OF THE 1ST
South Bend Cubs batting - Pitching for Peoria Chiefs : LHP Kurt Sutton
Pitching: LHP Kurt Sutton
Batting: RHB Du Kim 0-0: Ground out 6-3 (Groundball, 6, EV 91.9 MPH)
Batting: RHB Jon Aguilar 0-0: Ground out U3 (Groundball, 34, EV 91.9 MPH)
Batting: RHB Nick Beecher 0-0: Called Strike
0-1: Ball
1-1: Foul Ball, location: 2F
1-2: Strikes out swinging
Bottom of the 1st over - 0 runs, 0 hits, 0 errors, 0 left on base; Peoria 0 - South Bend 0
TOP OF THE 2ND
Peoria Chiefs batting - Pitching for South Bend Cubs : RHP Carlos Zavala
Batting: RHB Josh Lyon 0-0: Called Strike
0-1: Ball
1-1: Ball
2-1: Swinging Strike
2-2: Ball
3-2: Base on Balls
Batting: RHB Chris Norris 0-0: SINGLE (Line Drive, 89S, EV 91.2 MPH)
Josh Lyon to second
Batting: RHB Fekadu Alhaadi 0-0: Called Strike
0-1: Swinging Strike
0-2: Strikes out looking
Batting: RHB Richard Riggs 0-0: Ball
1-0: Ball
2-0: Reached on error, E6 (Groundball, 6, EV 97.5 MPH)
Josh Lyon to third
Chris Norris to second
Batting: SHB Hank Arias 0-0: Ball
1-0: Called Strike
1-1: Ball
2-1: Foul Ball, location: 2F
2-2: Ball
3-2: Fielders Choice at 2nd, 4-6 (Groundball, 4, EV 107.5 MPH)
Josh Lyon scores
Chris Norris to third
Batting: RHB Robby Hickman 0-0: Called Strike
0-1: Ball
1-1: Called Strike
1-2: Foul Ball, location: 2F
1-2: Fly out, F8 (Flyball, 8LM, EV 76.9 MPH)
Top of the 2nd over - 1 run, 1 hit, 1 error, 2 left on base; Peoria 1 - South Bend 0
BOTTOM OF THE 2ND
South Bend Cubs batting - Pitching for Peoria Chiefs : LHP Kurt Sutton
Batting: LHB Alex Ramos 0-0: Ground out 6-3 (Groundball, 6, EV 87.5 MPH)
Batting: LHB Melvin Salgado 0-0: Foul Ball, location: 2F
0-1: Called Strike
0-2: Strikes out swinging
Batting: LHB Sumiki Okuhara 0-0: Ball
1-0: Called Strike
1-1: Ball
2-1: Ball
3-1: Swinging Strike
3-2: Reached on error, E5 (Groundball, 5S, EV 85.6 MPH)
Batting: RHB Tim Long 0-0: Ball
Pickoff Play to 1st, Runner tries for 2nd, OUT after rundown.
Bottom of the 2nd over - 0 runs, 0 hits, 1 error, 0 left on base; Peoria 1 - South Bend 0
TOP OF THE 3RD
Peoria Chiefs batting - Pitching for South Bend Cubs : RHP Carlos Zavala
Batting: RHB Fortunato Fteira 0-0: Called Strike
0-1: Called Strike
0-2: Ball
1-2: Strikes out looking
Batting: RHB Tyler Walker 0-0: Ball
1-0: Foul Ball, location: 2F
1-1: SINGLE (Flyball, 78M, EV 90.0 MPH)
Batting: LHB Travis Ruppel 0-0: Ball
1-0: Foul Ball, location: 2F
1-1: Ball
2-1: Ball
3-1: Called Strike
3-2: Reached on error, E6 (Groundball, 6, EV 101.2 MPH)
Tyler Walker to second
Batting: RHB Josh Lyon 0-0: Foul Ball, location: 2F
0-1: Called Strike
0-2: Ball
1-2: Fielders Choice at 2nd, 3-6 (Groundball, 34, EV 85.6 MPH)
Tyler Walker to third
Batting: RHB Chris Norris 0-0: Ball
1-0: Foul Ball, location: 2F
1-1: Ground out U3 (Groundball, 34S, EV 77.5 MPH)
Top of the 3rd over - 0 runs, 1 hit, 1 error, 2 left on base; Peoria 1 - South Bend 0
BOTTOM OF THE 3RD
South Bend Cubs batting - Pitching for Peoria Chiefs : LHP Kurt Sutton
Batting: RHB Tim Long 0-0: Ball
1-0: Ground out 6-3 (Groundball, 56, EV 80.0 MPH)
Batting: RHB Jerry Blas 0-0: Foul Ball, location: 2F
0-1: Foul Ball, location: 2F
0-2: Strikes out swinging
Batting: RHB Bartolo Aguilar 0-0: Foul Ball, location: 2F
0-1: Foul Ball, location: 2F
0-2: Fly out, F8 (Flyball, 89D, EV 109.4 MPH)
Bottom of the 3rd over - 0 runs, 0 hits, 0 errors, 0 left on base; Peoria 1 - South Bend 0
TOP OF THE 4TH
Peoria Chiefs batting - Pitching for South Bend Cubs : RHP Carlos Zavala
Pitching: RHP Josh Mott
Batting: RHB Fekadu Alhaadi 0-0: Called Strike
0-1: Ball
1-1: Called Strike
1-2: Ball
2-2: Foul Ball, location: 2F
2-2: Strikes out looking
Batting: RHB Richard Riggs 0-0: Foul Ball, location: 2F
0-1: Foul Ball, location: 2F
0-2: Ball
1-2: Ball
2-2: Ball
3-2: Ground out U3 (Groundball, 34, EV 99.4 MPH)
Batting: SHB Hank Arias 0-0: Foul Ball, location: 2F
0-1: Ball
1-1: Ground out 6-3 (Groundball, 6, EV 104.4 MPH)
Top of the 4th over - 0 runs, 0 hits, 0 errors, 0 left on base; Peoria 1 - South Bend 0
BOTTOM OF THE 4TH
South Bend Cubs batting - Pitching for Peoria Chiefs : LHP Kurt Sutton
Batting: RHB Du Kim 0-0: Ball
1-0: Called Strike
1-1: Called Strike
1-2: Strikes out swinging
Batting: RHB Jon Aguilar 0-0: Ball
1-0: Ball
2-0: Called Strike
2-1: SINGLE (Line Drive, 8LS, EV 105.0 MPH)
Batting: RHB Nick Beecher 0-0: Ball
Jon Aguilar is caught stealing 2nd base 2-4
1-0: Foul Ball, location: 2F
1-1: Ball
2-1: Foul Ball, location: 2F
2-2: Strikes out swinging
Bottom of the 4th over - 0 runs, 1 hit, 0 errors, 0 left on base; Peoria 1 - South Bend 0
TOP OF THE 5TH
Peoria Chiefs batting - Pitching for South Bend Cubs : RHP Josh Mott
Batting: RHB Robby Hickman 0-0: Ball
1-0: Fly out, F8 (Flyball, 8LM, EV 94.4 MPH)
Batting: RHB Fortunato Fteira 0-0: Foul Ball, location: 2F
0-1: Called Strike
0-2: Strikes out swinging
Batting: RHB Tyler Walker 0-0: Ball
1-0: Called Strike
1-1: Swinging Strike
1-2: Foul Ball, location: 2F
1-2: Strikes out swinging
Top of the 5th over - 0 runs, 0 hits, 0 errors, 0 left on base; Peoria 1 - South Bend 0
BOTTOM OF THE 5TH
South Bend Cubs batting - Pitching for Peoria Chiefs : LHP Kurt Sutton
Batting: LHB Alex Ramos 0-0: Ball
1-0: Swinging Strike
1-1: Swinging Strike
1-2: Strikes out swinging
Batting: LHB Melvin Salgado 0-0: Called Strike
0-1: Foul Ball, location: 2F
0-2: Ball
1-2: Ball
2-2: Ball
3-2: Strikes out swinging
Batting: LHB Sumiki Okuhara 0-0: Swinging Strike
0-1: Ball
1-1: Ball
2-1: Foul Ball, location: 2F
2-2: Foul Ball, location: 2F
2-2: Strikes out swinging
Bottom of the 5th over - 0 runs, 0 hits, 0 errors, 0 left on base; Peoria 1 - South Bend 0
TOP OF THE 6TH
Peoria Chiefs batting - Pitching for South Bend Cubs : RHP Josh Mott
Batting: LHB Travis Ruppel 0-0: Called Strike
0-1: Ball
1-1: Swinging Strike
1-2: Foul Ball, location: 2F
1-2: Hit by Pitch
Pitching: RHP Phil Holmes
Batting: RHB Josh Lyon 0-0: Ball
1-0: Called Strike
1-1: Called Strike
1-2: Strikes out swinging
Batting: RHB Chris Norris 0-0: Called Strike
0-1: Swinging Strike
0-2: DOUBLE (Line Drive, 8LXD, EV 103.8 MPH)
Travis Ruppel to third
Batting: RHB Fekadu Alhaadi 0-0: Called Strike
0-1: Ball
1-1: Foul Ball, location: 2F
1-2: Strikes out swinging
Batting: RHB Richard Riggs 0-0: Ball
1-0: Called Strike
1-1: Fly out, F8 (Line Drive, 8RM, EV 110.0 MPH)
Top of the 6th over - 0 runs, 1 hit, 0 errors, 2 left on base; Peoria 1 - South Bend 0
BOTTOM OF THE 6TH
South Bend Cubs batting - Pitching for Peoria Chiefs : LHP Kurt Sutton
Batting: RHB Tim Long 0-0: Ball
1-0: Called Strike
1-1: Ball
2-1: Swinging Strike
2-2: Ball
3-2: Base on Balls
Batting: RHB Jerry Blas 0-0: Fly out, F7 (Flyball, 78M, EV 92.5 MPH)
Batting: RHB Bartolo Aguilar 0-0: Called Strike
0-1: Called Strike
0-2: Ball
1-2: Strikes out looking
Batting: RHB Du Kim 0-0: Foul Ball, location: 2F
0-1: Swinging Strike
0-2: Fly out, F8 (Flyball, 8RD, EV 103.1 MPH)
Bottom of the 6th over - 0 runs, 0 hits, 0 errors, 1 left on base; Peoria 1 - South Bend 0
TOP OF THE 7TH
Peoria Chiefs batting - Pitching for South Bend Cubs : RHP Phil Holmes
Pitching: LHP Andres Lobato
Batting: SHB Hank Arias 0-0: Ball
1-0: Fly out, F9 (Flyball, 9S, EV 93.1 MPH)
Batting: RHB Robby Hickman 0-0: Fly out, F9 (Flyball, 9, EV 98.8 MPH)
Batting: RHB Fortunato Fteira 0-0: Foul Ball, location: 2F
0-1: Ball
1-1: Ball
2-1: Ground out 5-3 (Groundball, 56S, EV 90.6 MPH)
Top of the 7th over - 0 runs, 0 hits, 0 errors, 0 left on base; Peoria 1 - South Bend 0
BOTTOM OF THE 7TH
South Bend Cubs batting - Pitching for Peoria Chiefs : LHP Kurt Sutton
Batting: RHB Jon Aguilar 0-0: Ball
1-0: Ball
2-0: Called Strike
2-1: Foul Ball, location: 2F
2-2: Foul Ball, location: 2F
2-2: Strikes out swinging
Batting: RHB Nick Beecher 0-0: Called Strike
0-1: Ball
1-1: Foul Ball, location: 2F
1-2: Ground out 4-3 (Groundball, 4, EV 89.4 MPH)
Batting: LHB Alex Ramos 0-0: Hit by Pitch
Batting: LHB Melvin Salgado 0-0: Ball
1-0: Fly out, F9 (Flyball, 9D, EV 86.9 MPH)
Bottom of the 7th over - 0 runs, 0 hits, 0 errors, 1 left on base; Peoria 1 - South Bend 0
TOP OF THE 8TH
Peoria Chiefs batting - Pitching for South Bend Cubs : LHP Andres Lobato
Batting: RHB Tyler Walker 0-0: Ball
1-0: Ball
2-0: Foul Ball, location: 2F
2-1: Foul Ball, location: 2F
2-2: Fly out, F7 (Flyball, 78S, EV 88.8 MPH)
Batting: LHB Travis Ruppel 0-0: Ball
1-0: Foul Ball, location: 2F
1-1: Foul Ball, location: 2F
1-2: Strikes out swinging
Batting: RHB Josh Lyon 0-0: Called Strike
0-1: Ball
1-1: Ball
2-1: Ball
3-1: SINGLE (Flyball, 7LS, EV 90.0 MPH)
Batting: RHB Chris Norris 0-0: Fly out, F7 (Flyball, 7LM, EV 90.6 MPH)
Top of the 8th over - 0 runs, 1 hit, 0 errors, 1 left on base; Peoria 1 - South Bend 0
BOTTOM OF THE 8TH
South Bend Cubs batting - Pitching for Peoria Chiefs : LHP Kurt Sutton
Batting: LHB Sumiki Okuhara 0-0: Ball
1-0: Called Strike
1-1: Foul Ball, location: 2F
1-2: Strikes out swinging
Batting: RHB Tim Long 0-0: Called Strike
0-1: Ball
1-1: Swinging Strike
1-2: Ball
2-2: Strikes out swinging
Batting: RHB Jerry Blas 0-0: Swinging Strike
0-1: Called Strike
0-2: Strikes out swinging
Bottom of the 8th over - 0 runs, 0 hits, 0 errors, 0 left on base; Peoria 1 - South Bend 0
TOP OF THE 9TH
Peoria Chiefs batting - Pitching for South Bend Cubs : LHP Andres Lobato
Pitching: LHP Joey Lowe
Batting: RHB Fekadu Alhaadi 0-0: Ground out U3 (Groundball, 3, EV 83.1 MPH)
Batting: RHB Richard Riggs 0-0: Called Strike
0-1: Ball
1-1: Fly out, F8 (Flyball, 8LM, EV 86.2 MPH)
Batting: SHB Hank Arias 0-0: Swinging Strike
0-1: Swinging Strike
0-2: Ball
1-2: Foul Ball, location: 2F
1-2: Foul Ball, location: 2F
1-2: Foul Ball, location: 2F
1-2: Strikes out swinging
Top of the 9th over - 0 runs, 0 hits, 0 errors, 0 left on base; Peoria 1 - South Bend 0
BOTTOM OF THE 9TH
South Bend Cubs batting - Pitching for Peoria Chiefs : LHP Kurt Sutton
Pitching: RHP Cory Viola
Now in RF: Bobby O'Leary
Batting: RHB Bartolo Aguilar 0-0: Called Strike
0-1: Ball
1-1: Ball
2-1: Foul Ball, location: 2F
2-2: Strikes out swinging
Batting: RHB Du Kim 0-0: Ball
1-0: Foul Ball, location: 2F
1-1: Fly out, F8 (Flyball, 8RM, EV 89.4 MPH)
Batting: RHB Jon Aguilar 0-0: Ball
1-0: Ball
2-0: Ball
3-0: Called Strike
3-1: Foul Ball, location: 2F
3-2: Strikes out swinging
Bottom of the 9th over - 0 runs, 0 hits, 0 errors, 0 left on base; Peoria 1 - South Bend 0
Thursday, December 15th , 2022 - OOTP Baseball 23.9 Build 102